 Dungeon Crawl Stone Soup version 0.30.1-11-g7821555f0a (webtiles) character file.

Game seed: 7308022486764073600

1927 SacredBeard the Skirmisher (level 8, 0/43 HPs)
             Began as a Deep Elf Hexslinger on Oct 30, 2023.
             Succumbed to Duvessa's poison
             ... on level 6 of the Dungeon.
             The game lasted 00:20:01 (5653 turns).

SacredBeard the Skirmisher (Deep Elf Hexslinger)    Turns: 5653, Time: 00:20:02

Health: 0/43       AC:  6    Str:  7    XL:     8   Next: 96%
Magic:  17/19      EV: 13    Int: 19    God:
Gold:   359        SH:  0    Dex: 17    Spells: 12/19 levels left

rFire   . . .        a - +1 sling
rCold   . . .        (no shield)
rNeg    . . .        l - +0 leather armour
rPois   .            z - +0 helmet
rElec   .            (no cloak)
rCorr   .            t - +0 pair of gloves
SInv    .            p - +0 pair of boots
Will    .....        (no amulet)
Stlth   +            (no ring)
HPRegen 0.27/turn    (no ring)
MPRegen 0.16/turn

%: no passive effects
@: lethally poisoned (0 -> -8), on berserk cooldown, slowed, very slow
A: no striking features
a: no special abilities


You were on level 6 of the Dungeon.
You visited 2 branches of the dungeon, and saw 7 of its levels.

You collected 359 gold pieces.

Inventory:

Hand Weapons
 a - a +1 sling (weapon)
 w - a +0 whip of electrocution
Armour
 l - a +0 leather armour (worn)
 p - a +0 pair of boots (worn)
 t - a +0 pair of gloves (worn)
 z - a +0 helmet (worn)
 A - a +1 robe of fire resistance
Wands
 y - a wand of iceblast (4)
Scrolls
 b - 7 scrolls of poison
 c - a scroll of enchant armour {unknown}
 d - 2 scrolls of amnesia {unknown}
 e - a scroll of magic mapping {unknown}
 f - 2 scrolls of teleportation {unknown}
 g - 6 scrolls of identify {unknown}
 k - a scroll of fear {unknown}
 n - 3 scrolls of noise {unknown}
 o - 2 scrolls of fog {unknown}
 q - 2 scrolls of vulnerability {unknown}
 s - a scroll of torment {unknown}
Potions
 h - a potion of degeneration {unknown}
 i - a potion of brilliance {unknown}
 j - 2 potions of curing {unknown}
 m - a potion of attraction {unknown}
 r - a potion of mutation {unknown}
 u - 2 potions of berserk rage
 v - a potion of invisibility {unknown}
 x - a potion of flight {unknown}


   Skills:
 - Level 1.0 Fighting
 * Level 12.7 Ranged Weapons
 - Level 1.0 Armour
 - Level 4.0 Dodging
 - Level 6.0 Spellcasting
 - Level 6.0 Hexes


You had 12 spell levels left.
You knew the following spells:

 Your Spells              Type           Power      Damage    Failure   Level
a - Slow                  Hex            100%       N/A       1%          1
b - Inner Flame           Hex/Fire       17%        N/A       14%         3
c - Portal Projectile     Hex/Tloc       34%        N/A       14%         3

Your spell library contained the following spells:

 Spells                   Type           Power      Damage    Failure   Level
 Cause Fear               Hex            14%        N/A       14%         4
 Beastly Appendage        Tmut           10%        N/A       16%         1
 Poisonous Vapours        Pois/Air       10%        N/A       24%         2
 Wereblood                Tmut           5%         N/A       24%         2
 Ignite Poison            Fire/Tmut/Pois 5%         N/A       43%         3
 Mephitic Cloud           Conj/Pois/Air  5%         N/A       43%         3
 Spider Form              Tmut/Pois      5%         N/A       43%         3
 Sticky Flame             Conj/Fire      5%         2d3       85%         4
 Freezing Cloud           Conj/Ice/Air   2%         6-21      99%         5
 Ignition                 Fire           2%         3d3       100%        8


Dungeon Overview and Level Annotations

Branches:
Dungeon (6/15) Zot: 26190  Temple (1/1) D:5 Zot: 5719

Altars:
Ashenzari
Cheibriados
Elyvilon
Fedhas
Gozag
Kikubaaqudgha
Makhleb
Nemelex Xobeh
Qazlal
Ru
Sif Muna
Trog
Uskayaw
Vehumet
Wu Jian
Xom
Yredelemnul
Zin

Shops:
D:2 (   D:3 =

Annotations:
D:6 Duvessa


Message History

Duvessa seems to slow down.
Casting: Slow (safe; 1% risk of failure)
Confirm with . or Enter, or press ? or * to list all spells.
Aiming: Inner Flame (dangerous; 14% risk of failure)
Press: ? - help, Dir - move target, f/p - Duvessa
Aim: Duvessa, wielding a +2 rapier of venom, wearing a +0 leather armour, quivering stones and carrying a wand of paralysis (8) (berserk, slow, chance to affect: 54%) Duvessa is filled with an inner flame.
You shoot a sling bullet.
The sling bullet hits Duvessa but does no damage.
You shoot a sling bullet.
The sling bullet completely misses Duvessa.
You shoot a sling bullet.
The sling bullet closely misses Duvessa.
Duvessa rages.
Duvessa attacks as you move away! Duvessa barely misses you.
Duvessa rages.
Duvessa attacks as you move away! Duvessa completely misses you.
Duvessa attacks as you move away!
Duvessa hits you with a +2 rapier of venom!!
You are lethally poisoned!
You feel extremely sick.
It was a potion of berserk rage.
A red film seems to cover your vision as you go berserk!
You feel yourself moving faster!
You feel mighty!
* * * LOW HITPOINT WARNING * * *
You feel very sick. Duvessa misses you.
You feel a strong urge to attack something.
* * * LOW HITPOINT WARNING * * *
You feel very sick.
* * * LOW HITPOINT WARNING * * *
You feel very sick.
You feel your anger nearly subside.
You are no longer berserk.
You are exhausted.
You feel yourself slow down.
* * * LOW HITPOINT WARNING * * *
You feel sick.
* * * LOW HITPOINT WARNING * * *
You feel very sick.
Duvessa is no longer moving slowly.
You die...

.####..########.##.##..#
..............#.##.##..###
.####..######...##.##..#..
#..# #.##.##..#.# #..#
#.#...#..#.# #..#
#........#.#
#..########....(...#.########
#........e...................
##.#########@#'####.#)#######
#.### #.#≈≈ #...# ######...#
#.#≈ #..## .........# ..#
#.## ##### #######..# #.# #.#
#.))) #..# #.### #.# #.###
#..# #.... ..# #.# #..# ##..#
# #.## ............?# #.#
#..##


You could see Duvessa (berserk, inner flame).

Vanquished Creatures
  Pikel (D:3)
  Prince Ribbit (D:6)
  An orc warrior (D:4)
  2 ogres
  2 phantoms
  A scorpion (D:6)
  5 wights (D:6)
  Dowan (D:6)
  A howler monkey (D:6)
  An orc priest (D:4)
  3 hounds
  A sleepcap (D:5)
  An iguana (D:5)
  2 orc wizards
  A mummy (D:5)
  4 gnolls
  7 adders
  A dart slug (D:5)
  18 orcs
  9 ball pythons
  3 bats
  3 endoplasms (D:1)
  A giant cockroach (D:1)
  8 goblins
  13 hobgoblins
  A jackal (D:5)
  10 kobolds
  5 quokkas
  3 frilled lizards
  A goblin zombie (D:5)
  An orc zombie (D:5)
  7 rats
119 creatures vanquished.

Notes
Turn   | Place    | Note
-------+----------+-------------------------------------------
     0 | D:1      | SacredBeard the Deep Elf Hexslinger began the quest for the
                  | Orb.
     0 | D:1      | Reached XP level 1. HP: 11/11 MP: 5/5
    68 | D:1      | Reached skill level 3 in Ranged Weapons
   112 | D:1      | Reached XP level 2. HP: 16/16 MP: 6/6
   127 | D:1      | Reached skill level 1 in Fighting
   399 | D:1      | Reached XP level 3. HP: 20/20 MP: 8/8
   674 | D:2      | Found Vanwatsa's Weapon Shoppe.
   951 | D:2      | Reached skill level 4 in Ranged Weapons
  1006 | D:2      | Reached XP level 4. HP: 25/25 MP: 9/9
  1131 | D:2      | Found a faded altar of an unknown god.
  1497 | D:3      | Reached skill level 1 in Armour
  1623 | D:2      | Reached XP level 5. HP: 26/29 MP: 11/11
  1765 | D:3      | You fall into a shaft and drop 2 floors!
  1765 | D:5      | Entered Level 5 of the Dungeon
  1787 | D:5      | Reached skill level 5 in Ranged Weapons
  1787 | D:5      | Reached skill level 5 in Hexes
  1826 | D:5      | Found a staircase to the Ecumenical Temple.
  1835 | Temple   | Entered the Ecumenical Temple
  2109 | Temple   | Learned a level 3 spell: Inner Flame
  2113 | Temple   | Learned a level 3 spell: Portal Projectile
  2160 | D:5      | Noticed a phantom
  2200 | D:5      | Killed a phantom
  2201 | D:5      | Reached XP level 6. HP: 9/34 MP: 11/13
  2415 | D:4      | Noticed an orc warrior
  2772 | D:3      | Found Roceyjeu's One-of-a-Kind Rings.
  2965 | D:4      | Noticed Pikel
  3010 | D:3      | Killed Pikel
  3011 | D:3      | Reached skill level 7 in Ranged Weapons
  3011 | D:3      | Reached skill level 5 in Spellcasting
  3011 | D:3      | Reached XP level 7. HP: 38/38 MP: 13/17
  3117 | D:4      | Reached skill level 8 in Ranged Weapons
  3649 | D:4      | Reached skill level 9 in Ranged Weapons
  3649 | D:4      | Reached XP level 8. HP: 43/43 MP: 14/19
  3730 | D:4      | Found a blossoming altar of Fedhas.
  3813 | D:4      | Found a basalt altar of Yredelemnul.
  3851 | D:4      | Found a burning altar of Makhleb.
  4379 | D:5      | Found a sacrificial altar of Ru.
  4439 | D:5      | Reached skill level 10 in Ranged Weapons
  4885 | D:6      | Noticed Prince Ribbit
  4967 | D:6      | Killed Prince Ribbit
  4968 | D:6      | Reached skill level 11 in Ranged Weapons
  5252 | D:6      | Noticed Dowan
  5288 | D:6      | Killed Dowan
  5321 | D:6      | Reached skill level 12 in Ranged Weapons
  5552 | D:6      | Found a radiant altar of Vehumet.
  5629 | D:6      | Noticed Duvessa
  5652 | D:6      | HP: 2/43 [poisoned by Duvessa]
  5653 | D:6      | Succumbed to Duvessa's poison

Illustrated notes

Levels and vault maps discovered:
D:1:      minmay_arrival_diagonal_passages, layout_basic, st_stairs_9,
          minmay_liquid_box
D:2:      layout_loops_cross, serial_shops, nicolae_shop_hallway_stairs,
          ebering_ecumenical_altar_abandoned
D:3:      minmay_wonky_spiral, layout_basic, nicolae_shop_unique_rings,
          minmay_crystal_water
D:4:      layout_basic, fedhas_altar_4, mainiacjoe_overflow_two_lobes,
          roderic_filled_cross, uniq_pikel
D:5:      layout_cave_pools, marbit_many_paths, minmay_temple_entry_offerings,
          nicolae_ossuary_entry_giza, uniq_grinder
D:6:      layout_loops_ring, general_overflow_altar,
          worldfamousw_hep_ancestral_shrine, lemuel_crystal_altar, uniq_duvessa,
          uniq_prince_ribbit1
Temple:   compressed_dpeg_triangle_lava_temple

Skill      XL: |  1  2  3  4  5  6  7  8 |
---------------+-------------------------+-----
Ranged Weapons | 3 4 5 7 9 12 | 12.7
Fighting       | 1 |  1.0
Spellcasting   | 2 3 5 6 |  6.0
Dodging        | 3 4 |  4.0
Armour         | 1 |  1.0
Hexes          | 5 6 |  6.0

Action                     |  1- 3 |  4- 6 |  7- 9 || total
---------------------------+-------+-------+-------++-------
  Melee: Whip              |       |       |     1 ||     1
   Fire: Sling             |   109 |   148 |   216 ||   473
   Cast: Slow              |       |    34 |    56 ||    90
         Inner Flame       |       |     3 |    22 ||    25
    Use: Potion            |       |       |     1 ||     1
 Armour: Robe              |     4 |       |       ||     4
         Leather armour    |     1 |    14 |    18 ||    33
  Dodge: Dodged            |    23 |    54 |    47 ||   124
